 Dungeon Crawl Stone Soup version 0.30-a0-989-g0d87f670db (webtiles) character file.

Game seed: 10341721261982140064

11 mopl the Shooter (level 2, -1/24 HPs)
             Began as a Meteoran Hunter on Apr 3, 2023.
             Slain by a worm (7 damage)
             ... on level 2 of the Dungeon.
             The game lasted 00:00:53 (158 turns).

mopl the Shooter (Meteoran Hunter)                   Turns: 158, Time: 00:00:53

Health: -1/24      AC:  3    Str: 12    XL:     2   Next: 52%
Magic:  3/3        EV: 12    Int: 10    God:
Gold:   44         SH:  0    Dex: 17    Spells: 1/1 levels left

rFire   . . .      SeeInvis .    a - +0 shortbow
rCold   . . .      Faith    .    (shield currently unavailable)
rNeg    . . .      Spirit   .    c - +0 leather armour
rPois   .          Reflect  .    (no helmet)
rElec   .          Rampage  .    (no cloak)
rCorr   .                        (no gloves)
Will    .....                    (no boots)
Stlth   +                        (no amulet)
HPRegen 0.24/turn                (no ring)
MPRegen 0.08/turn                (no ring)

@: glowing
A: sense surroundings 1, otherworldly, glowing, explore regen
a: no special abilities


You were on level 2 of the Dungeon.
You visited 1 branch of the dungeon, and saw 2 of its levels.

You collected 44 gold pieces.

Inventory:

Hand Weapons
 a - a +0 shortbow (weapon)
Missiles
 d - a throwing net
Armour
 c - a +0 leather armour (worn)
Scrolls
 b - a scroll of immolation
 g - a scroll of acquirement {unknown}
Potions
 e - a potion of curing {unknown}
 f - a potion of attraction {unknown}


   Skills:
 - Level 2.1 Fighting
 + Level 5.0 Ranged Weapons
 - Level 2.4 Dodging
 - Level 0.6 Stealth


You had one spell level left.
You didn't know any spells.
Your spell library was empty.

Dungeon Overview and Level Annotations

Branches:
Dungeon (2/15) Zot: 1031

Altars:


Innate Abilities, Weirdness & Mutations

You passively map a small area around you.
You are easily found by Zot.
You glow in the dark.
You regain HP and MP as you explore.


Message History

There is a stone staircase leading up here.
You shoot an arrow. The arrow barely misses the worm.
You shoot an arrow. The arrow hits the worm.
The worm is moderately wounded.
The worm misses you.
You shoot an arrow.
The arrow hits the worm but does no damage.
The worm is moderately wounded.
The endoplasm freezes you.
You are frozen.
The worm bites you.
You shoot an arrow.
The arrow hits the worm but does no damage.
The worm is moderately wounded.
The endoplasm freezes you.
You are frozen.
The worm misses you. The endoplasm completely misses you.
You shoot an arrow. The arrow hits the worm.
The worm is moderately wounded.
The endoplasm freezes you.
You are frozen.
The worm bites you.
You are too injured to fight recklessly!
You are too injured to fight recklessly!
You are too injured to fight recklessly!
The endoplasm attacks as you move away! The endoplasm barely misses you.
You open the door. The endoplasm barely misses you.
There is an open door here.
You shoot an arrow. The arrow hits the endoplasm.
You kill the endoplasm!
Your Ranged Weapons skill increases to level 5!
You shoot an arrow.
The arrow hits the worm but does no damage.
The worm is lightly wounded.
The worm bites you!
* * * LOW HITPOINT WARNING * * *
You shoot an arrow. The arrow hits the worm!
The worm is severely wounded.
You shoot an arrow. The arrow hits the worm.
The worm is almost dead.
The worm closely misses you.
You shoot an arrow. The arrow completely misses the worm.
The worm bites you!
You die...

, ###.## *
#....# , #....#
* #....#
##########....#
,
.........#....#
.........#....#
,
.......<.w@...+
, ,
.........###..#
.........# *
.#* .........#
#* * .........#
, .........# *
** ##########
** , ,,* , * ,
*


You could see a worm.

Vanquished Creatures
  2 ball pythons (D:1)
  3 endoplasms
  A goblin (D:1)
  A hobgoblin (D:1)
  A frilled lizard (D:1)
  A kobold (D:1)
  A rat (D:1)
10 creatures vanquished.

Notes
Turn   | Place    | Note
-------+----------+-------------------------------------------
     0 | D:1      | mopl the Meteoran Hunter began the quest for the Orb.
     0 | D:1      | Reached XP level 1. HP: 17/17 MP: 2/2
   108 | D:1      | Reached XP level 2. HP: 24/24 MP: 3/3
   155 | D:2      | Reached skill level 5 in Ranged Weapons
   158 | D:2      | Slain by a worm

Illustrated notes

Levels and vault maps discovered:
D:1:      dpeg_arrival_stone_temple_mockup, layout_loops_ring
D:2:      kennysheep_six_static_rooms, layout_basic, serial_shops,
          nicolae_diamond_shop, nicolae_shop_hallway_plus, shop,
          nicolae_square_shop, shop, uniq_natasha, uniq_terence,
          uniq_crazy_yiuf_cottage

Skill      XL: |  1  2 |
---------------+-------+-----
Ranged Weapons | 5 |  5.0
Fighting       | |  2.1
Dodging        | |  2.4
Stealth        | |  0.6

Action                     || total
---------------------------++-------
   Fire: Shortbow          ||    30
 Armour: Leather armour    ||     2
  Dodge: Dodged            ||     9

Table legend: (Time is in decaauts)
 A = Elapsed time spent in this place.
 B = Non-inter-level travel time spent in this place.
 C = Inter-level travel time spent in this place.
 D = Time resting spent in this place.
 E = Time spent auto-exploring this place.
 F = Levels seen in this place.
 G = Mean time per level.
                   A        B        C        D        E       F      G
               +--------+--------+--------+--------+--------+-----+--------+
         Total |    167 |    167 |      0 |      0 |      0 |   2 |   83.5 |
       Dungeon |    167 |    167 |      0 |      0 |      0 |   2 |   83.5 |
               +--------+--------+--------+--------+--------+-----+--------+

Top non-repeatable levels by time:
     D:1: 148 daAuts
     D:2: 18 daAuts
